 Dungeon Crawl Stone Soup version 0.22-a0-512-g0943f25 (webtiles) character file.

518 Gaball the Slasher (level 7, -9/41 HPs)
             Began as a Tengu Fighter on June 18, 2018.
             Mangled by a centaur
             ... wielding a +0 great mace
              (11 damage)
             ... on level 6 of the Dungeon.
             The game lasted 00:11:02 (5275 turns).

Gaball the Slasher (Tengu Fighter)                  Turns: 5275, Time: 00:11:02

Health: -9/41      AC:  8    Str: 20 (21) XL:     7   Next: 21%
Magic:  8/8        EV:  9    Int:  7 (8)  God:
Gold:   334        SH: 10    Dex: 13 (16) Spells: 6/6 levels left

rFire    . . .     SeeInvis .   a - +0 long sword
rCold    . . .     Gourm    .   c - +0 shield
rNeg     . . .     Faith    .   b - +0 scale mail
rPois    .         Spirit   .   m - +2 hat
rElec    .         Reflect  .   (no cloak)
rCorr    .         Harm     .   (no gloves)
MR       .....                  (boots unavailable)
Stlth    ..........             (no amulet)
HPRegen  0.13/turn              (no ring)
MPRegen  0.11/turn              (no ring)

@: mighty
A: beak, talons 3, able to fly 1
a: Fly


You were on level 6 of the Dungeon.
You were not hungry.

You visited 1 branch of the dungeon, and saw 6 of its levels.

You collected 334 gold pieces.

Inventory:

Hand Weapons
 a - a +0 long sword (weapon)
 A - a +2 vampiric short sword
Armour
 b - a +0 scale mail (worn)
 c - a +0 shield (worn)
 m - a +2 hat (worn)
Jewellery
 r - an uncursed amulet of rage {unknown}
 y - a +3 ring of strength {unknown}
Wands
 u - a wand of digging (10)
 w - a wand of iceblast (13)
Scrolls
 g - a scroll of magic mapping
 h - a scroll of fog {unknown}
 i - 2 scrolls of blinking {unknown}
 j - 6 scrolls of remove curse {unknown}
 l - a scroll of amnesia {unknown}
 n - 3 scrolls of teleportation {unknown}
 o - 8 scrolls of identify {unknown}
 x - 2 scrolls of immolation {unknown}
Potions
 e - 2 potions of agility {unknown}
 k - 2 potions of curing
 p - a potion of heal wounds {unknown}
 q - a potion of mutation {unknown}
 s - a potion of degeneration
 t - a potion of lignification {unknown}
 v - 3 potions of brilliance {unknown}
 z - a potion of cancellation {unknown}
Comestibles
 f - 10 rations
 B - a chunk of flesh


   Skills:
 - Level 3.0 Fighting
 * Level 6.5 Long Blades
 - Level 3.2 Armour
 + Level 3.3 Dodging
 + Level 4.5 Shields


You had 6 spell levels left.
You didn't know any spells.
Your spell library contained the following spells:

 Spells                   Type           Power        Failure   Level  Hunger
 Confuse                  Hex            #.......     100%        3    ####...
 Summon Small Mammal      Summ           #...         99%         1    ##.....
 Summon Ice Beast         Ice/Summ       #.......     100%        4    #####..
 Call Imp                 Summ           #.......     100%        2    ###....
 Tukima's Dance           Hex            #.......     100%        3    ####...
 Call Canine Familiar     Summ           #.......     100%        3    ####...
 Ensorcelled Hibernation  Hex/Ice        #.....       100%        2    ###....
 Corona                   Hex            #......      99%         1    ##.....
 Dazzling Spray           Conj/Hex       #.....       100%        3    ####...
 Summon Lightning Spire   Summ/Air       #.......     100%        4    #####..
 Summon Guardian Golem    Hex/Summ       #.......     100%        3    ####...


Dungeon Overview and Level Annotations

Branches:
Dungeon (6/15)
 Temple: D:4-7

Altars:
Ashenzari
Fedhas
Gozag
Qazlal
Ru
The Shining One

Annotations:
D:6 Blork the orc


Innate Abilities, Weirdness & Mutations

You have a beak for a mouth.
You have claws for feet.
You can fly.


Message History

The centaur hits you with an uncursed great mace!
* * * LOW HITPOINT WARNING * * *
You are too injured to fight recklessly!
You feel better.
The centaur hits you with an uncursed great mace!
* * * LOW HITPOINT WARNING * * *
You feel very mighty all of a sudden. You block the centaur's attack.
Blork the orc comes into view.
He is wielding a glaive.
It was a potion of degeneration.
There was something very wrong with that liquid.
You feel weakened.
You feel dopey.
You feel clumsy.
Blork the orc shouts!
The bullfrog hits you.
* * * LOW HITPOINT WARNING * * *
The centaur closely misses you. You block the bullfrog's attack.
As you read the scroll labeled BEIMNI POETA, it crumbles to dust.
You feel aware of your surroundings.
It was a scroll of magic mapping.
The centaur hits you with an uncursed great mace!
You die...

,,,,,,,,.....'.....+......['..#.#
,,,,*,**.....##.#+##.......#.....
,,,,*,**..c..*#....#...#####.....
,,,,*,**....,*#....#...#####.....
,,,,*+**....,*#....#...*#........
,,,,,,,,...,,*#...##...##........
,,,,,,,,,.,,,*##..##.............
*'*,,,,,,.o..###.(##........###..
,,*,,,,,**#....c@>...............
***,,,,,**#....F.................
,,,,,,,,,,#..............##......
***,,,,,,,###...#+##.....*#......
,,,,,,,,,,* #.(.*,**.....*#......
***,,,,,,,* #...*,**,)...*#......
*,,,,,,,* #...,,**,....*####+##
*,,,,,,,* #.##********** *,*
********* *,* *,*


You could see Blork the orc, a bullfrog and a centaur.

Vanquished Creatures
  A centaur (D:3)
  A crimson imp (D:2)
  An orc priest (D:5)
  An orc wizard (D:5)
  2 worker ants
  11 gnolls
  5 adders
  3 worms
  3 dart slugs
  24 orcs
  8 bats
  6 giant cockroaches
  12 goblins
  10 hobgoblins
  10 jackals
  A quokka (D:6)
  A ball python (D:3)
  5 frilled lizards
  6 kobolds
  A leopard gecko skeleton (D:5)
  A quokka skeleton (D:5)
  A quokka zombie (D:5)
  5 rats
119 creatures vanquished.

Notes
Turn   | Place    | Note
-------+----------+-------------------------------------------
     0 | D:1      | Gaball the Tengu Fighter began the quest for the Orb.
     0 | D:1      | Reached XP level 1. HP: 14/14 MP: 2/2
    88 | D:1      | Reached skill level 3 in Long Blades
    88 | D:1      | Reached XP level 2. HP: 13/19 MP: 3/3
   561 | D:1      | Reached XP level 3. HP: 23/23 MP: 4/4
  1072 | D:1      | Reached skill level 4 in Long Blades
  1657 | D:2      | Reached XP level 4. HP: 28/28 MP: 5/5
  1824 | D:2      | Found a glowing golden altar of the Shining One.
  2100 | D:2      | Reached skill level 1 in Dodging
  2349 | D:2      | Reached skill level 5 in Long Blades
  2349 | D:2      | Gained mutation: You can fly. [Tengu growth]
  2349 | D:2      | Reached XP level 5. HP: 30/32 MP: 6/6
  2404 | D:3      | Noticed a centaur
  2417 | D:3      | Killed a centaur
  2439 | D:3      | Reached XP level 6. HP: 30/37 MP: 7/7
  2531 | D:3      | Found a blossoming altar of Fedhas.
  3498 | D:4      | Found a sacrificial altar of Ru.
  3661 | D:4      | Found a shattered altar of Ashenzari.
  3743 | D:4      | Found an opulent altar of Gozag.
  4155 | D:5      | Entered Level 5 of the Dungeon
  4247 | D:5      | Reached skill level 6 in Long Blades
  4379 | D:5      | Found a stormy altar of Qazlal.
  4749 | D:5      | Reached XP level 7. HP: 41/41 MP: 8/8
  4880 | D:5      | HP: 1/41 [orc priest/divine providence (15)]
  5273 | D:6      | Noticed Blork the orc
  5274 | D:6      | HP: 2/41 [bullfrog (6)]
  5275 | D:6      | Mangled by a centaur

Vault maps used:
D:1:      dpeg_arrival_windows_large_door, moated_statue,
          minmay_misc_feat_four_crosses
D:2:      wad_pebble_path, nicolae_tso_carved_into_rock
D:3:      fedhas_altar_3
D:4:      nicolae_ru_awakened_eye, lemuel_doored_altar, first_ration,
          nicolae_gozag_cash_rules_everything_around_me
D:5:      nicolae_overflow_hidden_temple, lemuel_tele_altar
D:6:      uniq_blork_the_orc

Skill      XL: |  1  2  3  4  5  6 |
---------------+-------------------+-----
Long Blades    | 3 4 5 6 |  6.5
Dodging        | 1 2 3 |  3.3
Shields        | 4 |  4.5
Fighting       | |  3.0
Armour         | |  3.2

Action                   |  1- 3 |  4- 6 |  7- 9 || total
-------------------------+-------+-------+-------++-------
Melee: Long sword        |    58 |   189 |    31 ||   278
       Kick              |    15 |    54 |    11 ||    80
       Peck              |     8 |    25 |     5 ||    38
  Use: Potion            |       |       |     4 ||     4
       Scroll            |       |       |     1 ||     1
  Eat: Chunk             |     2 |    10 |     2 ||    14
Armor: Scale mail        |    18 |    55 |     5 ||    78
Dodge: Dodged            |    15 |    54 |     9 ||    78
Block: Shield            |    30 |    87 |    16 ||   133
       Rpst.: Long sword |     3 |    17 |     4 ||    24

Table legend:
 A = Spawn XP
 B = Non-spawn XP
 C = Spawn XP percentage of total XP
 D = Spawn monster count
 E = Non-spawn monster count
 F = Spawn count percentage of total count
 G = Total turns spent on level
                    A         B        C        D         E        F      G
               +---------+---------+-------+---------+---------+-------+---------
         Total |       0 |     741 |   0.0 |       0 |     119 |   0.0 |  5275
               +---------+---------+-------+---------+---------+-------+---------
           D:1 |       0 |      48 |   0.0 |       0 |      27 |   0.0 |  1211
           D:2 |       0 |     148 |   0.0 |       0 |      22 |   0.0 |  1150
           D:3 |       0 |     239 |   0.0 |       0 |      33 |   0.0 |  1045
           D:4 |       0 |      62 |   0.0 |       0 |       7 |   0.0 |   749
           D:5 |       0 |     226 |   0.0 |       0 |      27 |   0.0 |   932
           D:6 |       0 |      18 |   0.0 |       0 |       3 |   0.0 |   188
               +---------+---------+-------+---------+---------+-------+---------
